 Dungeon Crawl Stone Soup version 0.31.0-32-g396128a36d (webtiles) character file.

Game seed: 8898114707070665061

111 H0rd4k the Insei (level 4, -2/29 HPs)
             Began as an Octopode Artificer on Apr 16, 2024.
             Slain by a sleepcap (7 damage)
             ... on level 3 of the Dungeon.
             The game lasted 00:01:56 (2315 turns).

H0rd4k the Insei (Octopode Artificer)               Turns: 2315, Time: 00:01:56

Health: -2/29      AC:  1    Str: 11    XL:     4   Next: 92%
Magic:  4/4        EV: 13    Int: 15    God:
Gold:   125        SH:  0    Dex: 12    Spells: 3/3 levels left

rFire   . .          .
                       - Unarmed
rCold   . . .        (no shield)
rNeg    . . .        (helmet currently unavailable)
rPois   .            (no amulet)
rElec   .            (no ring)
rCorr   .            (no ring)
SInv    .            (no ring)
Will    .....        (no ring)
Stlth   +++          (no ring)
HPRegen 0.24/turn    (no ring)
MPRegen 0.09/turn    (no ring)
                     (no ring)

%: no passive effects
@: beast-form
A: beast (slay +0), almost no armour, amphibious, 8 rings, camouflage 1,
gelatinous body 1, (nimble swimmer 1), tentacles
a: Begin Untransformation


You were on level 3 of the Dungeon.
You were a hulking beast.
You visited 1 branch of the dungeon, and saw 3 of its levels.

You collected 125 gold pieces.

Inventory:

Missiles
 p - 6 poisoned darts
Talismans
 k - a beast talisman (active)
Wands
 b - a wand of flame (15) (quivered)
 c - a wand of charming (15)
 d - a wand of iceblast (5)
Scrolls
 i - a scroll of fear {unknown}
 j - 2 scrolls of identify {unknown}
 m - a scroll of enchant weapon {unknown}
 n - 2 scrolls of poison {unknown}
 q - a scroll of immolation {unknown}
Potions
 a - a potion of curing {unknown}
 e - a potion of heal wounds {unknown}
 f - a potion of enlightenment {unknown}
 g - 2 potions of degeneration {unknown}
 h - a potion of haste {unknown}
 l - a potion of ambrosia {unknown}
 o - a potion of invisibility {unknown}


   Skills:
 + Level 1.7 Fighting
 - Level 2.3 Dodging
 - Level 1.3 Stealth
 + Level 3.5 Unarmed Combat
 - Level 3.2 Evocations
 * Level 1.4 Shapeshifting


You had 3 spell levels left.
You didn't know any spells.
Your spell library contained the following spells:

 Spells                   Type           Power      Damage    Failure   Level
 Shock                    Conj/Air       0%         1d3       26%         1
 Swiftness                Air            0%         N/A       63%         3
 Airstrike                Air            0%         2d(0-16)  95%         4


Dungeon Overview and Level Annotations

Branches:
Dungeon (3/15)

Altars:

Annotations:
D:1 exclusions: downstairs and 1 more exclusion
D:2 Jessica


Innate Abilities, Weirdness & Mutations

You are a hulking beast.
Your limbs bulge with bestial killing power. (Slay +0)
You cannot wear most types of armour.
You are amphibious.
You can wear up to eight rings at the same time.
Your skin changes colour to match your surroundings (Stealth+).
Your rubbery body absorbs attacks. (AC +1, EV +1)
((You are camouflaged when in or above water. (Stealth+)))
You have tentacles for arms and can constrict up to eight enemies at once.


Message History

An endoplasm is nearby!
The helpless endoplasm fails to defend itself.
You bludgeon the endoplasm!
You kill the endoplasm!
Found a scale mail.
A hobgoblin comes into view.
A hobgoblin is nearby!
A hobgoblin is nearby!
The hobgoblin shouts!
You closely miss the hobgoblin. You grab the hobgoblin.
You squeeze the hobgoblin.
The hobgoblin is almost dead.
You constrict the hobgoblin, but do no damage.
The hobgoblin hits you.
You tentacle-slap the hobgoblin.
You kill the hobgoblin!
You now have 125 gold pieces (gained 3).
A sleepcap comes into view.
A sleepcap is nearby!
A sleepcap is nearby!
A sleepcap is nearby!
The sleepcap closely misses you.
You tentacle-slap the sleepcap but do no damage.
You grab the sleepcap.
You constrict the sleepcap, but do no damage.
The sleepcap releases spores at you.
You are engulfed in a cloud of soporific spores!
You fall asleep.
You lose your grip on the sleepcap.
The sleepcap releases spores at you!!
You wake up.
Ouch! That really hurt!
* * * LOW HITPOINT WARNING * * *
You are engulfed in a cloud of soporific spores!
You are unaffected.
You tentacle-slap the sleepcap. You grab the sleepcap.
You squeeze the sleepcap!
The sleepcap is heavily damaged.
You constrict the sleepcap, but do no damage.
The sleepcap releases spores at you!
You die...

#.# ##.## #
###.# ########.#
....# #........#
###.#
####.########
#.# #[....#
###.#
#.##..#####
.##.#
#.#......... ###
<...#
#.#...#####.....
.##.#
#.......hf..#
###.#
###.#######.#
#.# #.# #.# #.#
#.# ####.# #..
#....# ###
#.#### #.# #.#.#


You could see a sleepcap.

Vanquished Creatures
  A gnoll (D:1)
  3 adders
  5 dart slugs
  8 bats
  6 endoplasms
  A giant cockroach (D:1)
  7 hobgoblins
  6 jackals
  5 kobolds
  A quokka (D:1)
  7 ball pythons
  4 frilled lizards
  7 goblins
  3 rats (D:2)
64 creatures vanquished.

Vanquished Creatures (others)
  An endoplasm (D:1)
  A ball python (D:1)
2 creatures vanquished.

Grand Total: 66 creatures vanquished

Notes
Turn   | Place    | Note
-------+----------+-------------------------------------------
     0 | D:1      | H0rd4k the Octopode Artificer began the quest for the Orb.
     0 | D:1      | Reached XP level 1. HP: 13/13 MP: 1/1
   125 | D:1      | Reached skill level 1 in Unarmed Combat
   136 | D:1      | Reached XP level 2. HP: 18/18 MP: 2/2
   150 | D:1      | Found a faded altar of an unknown god.
   479 | D:1      | Reached XP level 3. HP: 23/23 MP: 3/3
   979 | D:2      | Noticed Jessica
  1241 | D:2      | Reached XP level 4. HP: 28/28 MP: 4/4
  1261 | D:2      | Reached skill level 1 in Shapeshifting
  2315 | D:3      | Slain by a sleepcap

Illustrated notes

Levels and vault maps discovered:
D:1:      scummos_arrival_simple_fountains, layout_basic,
          ebering_ecumenical_altar_sacrificial, lemuel_flame_loot_1
D:2:      minmay_chambers_of_twos, layout_rooms, serial_curves, eino_curves_04,
          eino_curves_04, uniq_jessica
D:3:      layout_loops_ring

Skill      XL: |  1  2  3  4 |
---------------+-------------+-----
Unarmed Combat | 1 2 3 |  3.5
Shapeshifting  | 1 |  1.4
Fighting       | |  1.7
Dodging        | |  2.3
Stealth        | |  1.3
Evocations     | |  3.2

Action                     |  1- 3 |  4- 6 || total
---------------------------+-------+-------++-------
  Melee: Unarmed           |    68 |    75 ||   143
         Tentacles         |    17 |    17 ||    34
         Constrict         |    12 |    23 ||    35
         Punch             |     2 |     2 ||     4
   Stab: Sleeping          |    10 |     3 ||    13
 Armour: Skin              |    28 |    30 ||    58
  Dodge: Dodged            |    35 |    40 ||    75
   Form: Beast             |     1 |       ||     1
